Senators vs Lightning

Created - September-22-13 at 11:28

Simulating a Pre-Season

Goals
1 2 3 T
Senators 0 1 0 1
Lightning 0 2 1 3
Shots
1 2 3 T
Senators 11 10 5 26
Lightning 8 10 13 31

1st period

No Goal

Penalties :
Jan Hejda (OTT) for Holding (Minor) at 4:27, James Neal (OTT) for Goalie Interference (Minor) at 7:47

2nd period

1. Senators , Sidney Crosby 2 (Nathan Horton, Alexander Edler) at 10:07
2. Lightning , Tomas Plekanec 8 (Teemu Selanne, Marek Zidlicky) at 14:07
3. Lightning , Teemu Selanne 4 (Tomas Plekanec, Teddy Purcell) at 16:59

Penalties :
Brent Seabrook (TBL) for Slashing (Minor) at 6:57

3rd period

4. Lightning , Tomas Plekanec 9 (Teddy Purcell) at 9:33

Penalties :
Dustin Byfuglien (OTT) for Slashing (Minor) at 3:05, Tim Gleason (TBL) for High sticking (Minor) at 16:49

Goalie Stats

Carey Price (OTT), 28 saves from 31 shots - (0.903), L, 1-3-0, 60:00 minutes
Cory Schneider (TBL), 25 saves from 26 shots - (0.962), W, 8-2-0, 60:00 minutes

Players Stats for Senators

Player Name              G  A  P  +/- PIM S  H  SB GA TA FO     MP     PP MP  PK MP  
------------------------------------------------------------------------------------
Alexander Edler          0  1  1  -1  0   1  3  0  0  0  0/0    24:59   2:23   2:31 
Brad Boyes               0  0  0   0  0   2  0  0  0  0  1/3    19:27   2:22   1:17 
Dion Phaneuf             0  0  0   0  0   1  1  1  0  0  0/0    17:22   1:06   0:00 
Dustin Byfuglien         0  0  0  -1  2   0  2  1  0  0  0/0    22:37   2:23   0:10 
Jakob Silfverberg        0  0  0  -2  0   0  0  0  0  0  0/1    11:57   0:00   0:00 
James Neal               0  0  0   0  2   2  2  0  0  0  1/4    21:28   1:19   0:40 
Jan Hejda                0  0  0  -1  2   1  5  1  0  0  0/0    17:17   1:35   1:59 
Jared Cowen              0  0  0   0  0   0  1  0  0  0  0/0    17:43   0:00   1:27 
Jason Spezza             0  0  0   0  0   1  0  0  0  0  1/5     5:39   0:00   1:30 
Jerred Smithson          0  0  0  -2  0   1  0  0  0  0  3/5    24:01   1:36   2:36 
Jordan Leopold           0  0  0  -1  0   2  1  2  0  0  0/0    13:12   0:29   2:54 
Leo Komarov              0  0  0  -2  0   3  0  0  0  0  11/21  15:01   0:00   3:01 
Logan Couture            0  0  0   0  0   4  0  0  0  0  0/1    20:29   2:03   2:41 
Marc-Edouard Vlasic      0  0  0   0  0   0  1  2  0  0  0/0     6:48   0:00   2:53 
Nathan Horton            0  1  1   0  0   2  1  0  0  0  0/0    18:06   1:55   0:00 
Peter Regin              0  0  0   0  0   0  0  0  0  0  5/9     6:48   0:36   0:00 
Sidney Crosby            1  0  1   0  0   6  1  0  0  0  25/40  24:54   2:03   0:09 
Steve Bernier            0  0  0   0  0   0  0  1  0  0  0/1     6:12   0:00   0:00 

Players Stats for Lightning

Player Name              G  A  P  +/- PIM S  H  SB GA TA FO     MP     PP MP  PK MP  
------------------------------------------------------------------------------------
Andrej Meszaros          0  0  0   1  0   0  0  1  0  0  0/0    20:43   0:00   1:33 
Brent Seabrook           0  0  0   1  2   4  2  2  0  0  0/0    22:45   2:43   0:53 
Cam Atkinson             0  0  0   0  0   2  0  0  0  0  0/0    11:30   0:00   0:00 
David Van Der Gulik      0  0  0   0  0   0  0  0  0  0  3/4     3:44   0:00   0:00 
Jakub Kindl              0  0  0   1  0   0  1  1  0  0  0/0    15:57   3:14   0:26 
Josh Gorges              0  0  0   0  0   0  3  0  0  0  0/0    20:37   0:00   1:59 
Marek Zidlicky           0  1  1   0  0   2  1  0  0  0  0/0    20:33   3:14   2:02 
Martin St. Louis         0  0  0  -1  0   6  1  1  0  0  0/1    22:41   3:18   0:10 
Matt Beleskey            0  0  0   0  0   0  2  0  0  0  0/0     3:44   0:00   0:00 
Matt Frattin             0  0  0   0  0   2  4  0  0  0  0/0    11:30   0:00   0:00 
Mike Knuble              0  0  0   0  0   0  0  0  0  0  0/0     3:44   0:00   0:00 
Nick Spaling             0  0  0   0  0   1  0  0  0  0  7/16   11:30   0:00   0:00 
Patrick Kane             0  0  0  -1  0   5  0  0  0  0  0/1    23:34   3:18   1:03 
Patrick Sharp            0  0  0  -1  0   0  4  0  0  0  17/36  23:44   3:18   1:13 
Teddy Purcell            0  2  2   3  0   2  0  0  0  0  1/1    21:02   2:39   2:45 
Teemu Selanne            1  1  2   3  0   2  1  0  0  0  1/3    18:17   2:39   0:00 
Tim Gleason              0  0  0   1  2   0  1  1  0  0  0/0    19:23   2:43   1:03 
Tomas Plekanec           2  1  3   3  0   5  3  0  0  0  14/28  21:02   2:39   2:45 

3 Stars

1 - Tomas Plekanec (TBL)
2 - Teemu Selanne (TBL)
3 - Cory Schneider (TBL)

Power Play

Senators - 0 on 2 Attempt(s) - 0.00%
Lightning - 0 on 3 Attempt(s) - 0.00%

Penalty Kill

Senators - 3 on 3 Attempt(s) - 100.00% - Score 0 goal in Penalty Kill
Lightning - 2 on 2 Attempt(s) - 100.00% - Score 0 goal in Penalty Kill

Official

Referees : Jean Hebert and Dan O'Halloran
Linesman : Thor Nelson and Don Henderson

Game Notes

Jason Spezza is injured at 14:14 of 1st period (Sprained Right Finger)

% Time on Ice - Senators

Lines # - Real PCT - Wanted PCT - Time Play
Normal Forward
1 - 32% - 40% - 16:11
2 - 31% - 30% - 15:45
3 - 24% - 20% - 11:57
4 - 12% - 10% - 6:12
Normal Defense
1 - 40% - 40% - 20:05
2 - 32% - 30% - 16:16
3 - 20% - 20% - 9:49
4 - 8% - 10% - 3:55
PP Forward
1 - 52% - 60% - 2:03
2 - 48% - 40% - 1:55
PP Defense
1 - 60% - 60% - 2:23
2 - 40% - 40% - 1:35
PK Forward
1 - 55% - 60% - 3:16
2 - 45% - 40% - 2:41
PK Defense
1 - 48% - 60% - 2:53
2 - 52% - 40% - 3:04
PK3 Forward
1 - 0% - 60%
2 - 0% - 40%
PK3 Defense
1 - 0% - 60%
2 - 0% - 40%
44 Forward
1 - 0% - 60%
2 - 0% - 40%
44 Defense
1 - 0% - 60%
2 - 0% - 40%
Last Minute Offensive  - 0:00
Last Minute Defensive  - 0:00
Total
Forward - 60:00
Defense - 60:00

% Time on Ice - Lightning

Lines # - Real PCT - Wanted PCT - Time Play
Normal Forward
1 - 38% - 40% - 19:13
2 - 31% - 35% - 15:38
3 - 23% - 20% - 11:30
4 - 7% - 5% - 3:44
Normal Defense
1 - 38% - 40% - 19:10
2 - 31% - 30% - 15:17
3 - 23% - 20% - 11:31
4 - 8% - 10% - 4:07
PP Forward
1 - 55% - 60% - 3:18
2 - 45% - 40% - 2:39
PP Defense
1 - 46% - 60% - 2:43
2 - 54% - 40% - 3:14
PK Forward
1 - 74% - 60% - 2:55
2 - 26% - 40% - 1:03
PK Defense
1 - 50% - 60% - 1:59
2 - 50% - 40% - 1:59
PK3 Forward
1 - 0% - 60%
2 - 0% - 40%
PK3 Defense
1 - 0% - 60%
2 - 0% - 40%
44 Forward
1 - 0% - 60%
2 - 0% - 40%
44 Defense
1 - 0% - 60%
2 - 0% - 40%
Last Minute Offensive  - 0:00
Last Minute Defensive  - 0:00
Total
Forward - 60:00
Defense - 60:00

Play by Play

1st period


0:01 of 1st period - Patrick Sharp wins face-off versus Sidney Crosby in neutral zone.
0:13 of 1st period - Icing by Brent Seabrook.
0:14 of 1st period - Patrick Sharp wins face-off versus Logan Couture in Lightning zone.
0:23 of 1st period - Shot by Patrick Kane.
0:23 of 1st period - Stopped by Carey Price without a rebound.
0:24 of 1st period - Leo Komarov wins face-off versus Teemu Selanne in Senators zone.
0:55 of 1st period - Icing by Jerred Smithson.
0:56 of 1st period - Nick Spaling wins face-off versus Leo Komarov in Senators zone.
0:59 of 1st period - Shot by Nick Spaling.
0:59 of 1st period - Stopped by Carey Price with a rebound.
1:05 of 1st period - Shot by Cam Atkinson.
1:05 of 1st period - Deflect By Matt Frattin.
1:05 of 1st period - Shot Misses the Net.
1:12 of 1st period - Leo Komarov is hit by Jakub Kindl and loses puck.
1:36 of 1st period - Icing by Dustin Byfuglien.
1:37 of 1st period - Sidney Crosby wins face-off versus Patrick Sharp in Senators zone.
1:39 of 1st period - Icing by Dustin Byfuglien.
1:40 of 1st period - Patrick Sharp wins face-off versus Sidney Crosby in Senators zone.
1:54 of 1st period - Martin St. Louis is hit by Sidney Crosby and loses puck.
3:50 of 1st period - Shot by Jakub Kindl.
3:50 of 1st period - Shot Misses the Net.
3:52 of 1st period - Shot by Jakub Kindl.
3:52 of 1st period - Shot Misses the Net.
3:54 of 1st period - Shot by David Van Der Gulik.
3:54 of 1st period - Shot Misses the Net.
3:56 of 1st period - Shot by David Van Der Gulik.
3:56 of 1st period - Shot Misses the Net.
3:58 of 1st period - Shot by Marek Zidlicky.
3:58 of 1st period - Stopped by Carey Price with a rebound.
4:00 of 1st period - Shot by Mike Knuble.
4:00 of 1st period - Shot Blocked by Steve Bernier.
4:27 of 1st period - Minor Penalty to Jan Hejda for Holding.
4:28 of 1st period - Leo Komarov wins face-off versus Patrick Sharp in Senators zone.
4:34 of 1st period - Icing by Martin St. Louis.
4:35 of 1st period - Jerred Smithson wins face-off versus Patrick Sharp in Lightning zone.
4:36 of 1st period - Shot by Leo Komarov.
4:36 of 1st period - Stopped by Cory Schneider with a rebound.
4:43 of 1st period - Brent Seabrook is hit by Marc-Edouard Vlasic and loses puck.
6:33 of 1st period - Nick Spaling is hit by Jared Cowen and loses puck.
6:38 of 1st period - Shot by Matt Frattin.
6:38 of 1st period - Shot Misses the Net.
6:40 of 1st period - Shot by Nick Spaling.
6:40 of 1st period - Shot Misses the Net.
6:58 of 1st period - Shot by Sidney Crosby.
6:58 of 1st period - Stopped by Cory Schneider without a rebound.
6:59 of 1st period - David Van Der Gulik wins face-off versus Jason Spezza in Lightning zone.
7:28 of 1st period - Shot by Alexander Edler.
7:28 of 1st period - Stopped by Cory Schneider without a rebound.
7:29 of 1st period - Sidney Crosby wins face-off versus Patrick Sharp in Lightning zone.
7:47 of 1st period - Minor Penalty to James Neal for Goalie Interference.
7:48 of 1st period - Tomas Plekanec wins face-off versus Leo Komarov in Senators zone.
7:49 of 1st period - Shot by Marek Zidlicky.
7:49 of 1st period - Shot Misses the Net.
8:03 of 1st period - Shot by Marek Zidlicky.
8:03 of 1st period - Shot Misses the Net.
8:11 of 1st period - Shot by Jordan Leopold.
8:11 of 1st period - Stopped by Cory Schneider without a rebound.
8:12 of 1st period - Leo Komarov wins face-off versus Patrick Sharp in Lightning zone.
8:27 of 1st period - Shot by Martin St. Louis.
8:27 of 1st period - Shot Misses the Net.
8:29 of 1st period - Shot by Brent Seabrook.
8:29 of 1st period - Stopped by Carey Price with a rebound.
8:31 of 1st period - Shot by Martin St. Louis.
8:31 of 1st period - Shot Blocked by Marc-Edouard Vlasic.
9:52 of 1st period - Shot by Matt Frattin.
9:52 of 1st period - Shot Misses the Net.
10:28 of 1st period - Shot by Sidney Crosby.
10:28 of 1st period - Stopped by Cory Schneider without a rebound.
10:29 of 1st period - Patrick Sharp wins face-off versus Jason Spezza in Lightning zone.
10:56 of 1st period - Shot by Jason Spezza.
10:56 of 1st period - Stopped by Cory Schneider without a rebound.
10:57 of 1st period - Leo Komarov wins face-off versus Tomas Plekanec in Lightning zone.
10:57 of 1st period - Jordan Leopold is hit by Marek Zidlicky and loses puck.
11:07 of 1st period - Icing by Josh Gorges.
11:08 of 1st period - Sidney Crosby wins face-off versus Tomas Plekanec in Lightning zone.
11:13 of 1st period - Shot by Sidney Crosby.
11:13 of 1st period - Shot Misses the Net.
11:19 of 1st period - Shot by James Neal.
11:19 of 1st period - Stopped by Cory Schneider without a rebound.
11:20 of 1st period - Patrick Sharp wins face-off versus Jason Spezza in Lightning zone.
11:29 of 1st period - Logan Couture is hit by Patrick Sharp and loses puck.
11:40 of 1st period - Shot by Logan Couture.
11:40 of 1st period - Stopped by Cory Schneider without a rebound.
11:41 of 1st period - Tomas Plekanec wins face-off versus Sidney Crosby in Lightning zone.
11:41 of 1st period - Tomas Plekanec is hit by James Neal.
11:55 of 1st period - Shot by Tomas Plekanec.
11:55 of 1st period - Shot Misses the Net.
11:57 of 1st period - Shot by Tomas Plekanec.
11:57 of 1st period - Stopped by Carey Price without a rebound.
11:58 of 1st period - Patrick Sharp wins face-off versus Leo Komarov in Senators zone.
12:07 of 1st period - Shot by Patrick Kane.
12:07 of 1st period - Shot Misses the Net.
12:15 of 1st period - Shot by Patrick Sharp.
12:15 of 1st period - Shot Misses the Net.
12:27 of 1st period - Shot by Patrick Kane.
12:27 of 1st period - Stopped by Carey Price without a rebound.
12:28 of 1st period - Tomas Plekanec wins face-off versus Jason Spezza in Senators zone.
12:28 of 1st period - Brent Seabrook is hit by Jan Hejda and loses puck.
13:02 of 1st period - Teddy Purcell is hit by Jordan Leopold and loses puck.
13:05 of 1st period - Shot by Tomas Plekanec.
13:05 of 1st period - Shot Misses the Net.
13:22 of 1st period - Martin St. Louis is hit by Jan Hejda and loses puck.
13:37 of 1st period - Shot by Martin St. Louis.
13:37 of 1st period - Shot Misses the Net.
14:12 of 1st period - Icing by Jordan Leopold.
14:13 of 1st period - Jason Spezza wins face-off versus Nick Spaling in Senators zone.
14:13 of 1st period - Jason Spezza is hit by Matt Frattin.
14:14 of 1st period - Jason Spezza from Senators is injured at 14:14 of 1st period (Sprained Right Finger).
14:15 of 1st period - Tomas Plekanec wins face-off versus Sidney Crosby in Senators zone.
15:18 of 1st period - Jared Cowen is hit by Matt Frattin and loses puck.
15:28 of 1st period - Shot by Leo Komarov.
15:28 of 1st period - Stopped by Cory Schneider without a rebound.
15:29 of 1st period - Patrick Sharp wins face-off versus Peter Regin in Lightning zone.
15:54 of 1st period - Shot by Martin St. Louis.
15:54 of 1st period - Shot Misses the Net.
15:56 of 1st period - Shot by Patrick Kane.
15:56 of 1st period - Shot Misses the Net.
15:58 of 1st period - Shot by Martin St. Louis.
15:58 of 1st period - Stopped by Carey Price without a rebound.
15:59 of 1st period - Leo Komarov wins face-off versus Nick Spaling in Senators zone.
16:22 of 1st period - Shot by Leo Komarov.
16:22 of 1st period - Stopped by Cory Schneider without a rebound.
16:23 of 1st period - Sidney Crosby wins face-off versus Patrick Sharp in Lightning zone.
16:23 of 1st period - James Neal is hit by Josh Gorges and loses puck.
16:36 of 1st period - Shot by Jan Hejda.
16:36 of 1st period - Stopped by Cory Schneider with a rebound.
17:43 of 1st period - Logan Couture is hit by Brent Seabrook and loses puck.
18:10 of 1st period - Shot by Teddy Purcell.
18:10 of 1st period - Stopped by Carey Price without a rebound.
18:11 of 1st period - Sidney Crosby wins face-off versus Nick Spaling in Senators zone.
18:11 of 1st period - Sidney Crosby is hit by Matt Frattin.
18:22 of 1st period - Off-side.
18:23 of 1st period - David Van Der Gulik wins face-off versus Sidney Crosby in neutral zone.
18:26 of 1st period - Jordan Leopold is hit by Matt Beleskey and loses puck.
19:31 of 1st period - Shot by Andrej Meszaros.
19:31 of 1st period - Shot Misses the Net.
19:52 of 1st period - Shot by Tomas Plekanec.
19:52 of 1st period - Shot Misses the Net.
19:54 of 1st period - Shot by Brent Seabrook.
19:54 of 1st period - Shot Blocked by Jordan Leopold.
19:58 of 1st period - Shot by Teddy Purcell.
19:58 of 1st period - Shot Blocked by Jan Hejda.

2nd period


0:01 of 2nd period - Leo Komarov wins face-off versus Patrick Sharp in neutral zone.
0:09 of 2nd period - Icing by Andrej Meszaros.
0:10 of 2nd period - Sidney Crosby wins face-off versus Patrick Sharp in Lightning zone.
0:33 of 2nd period - Shot by Sidney Crosby.
0:33 of 2nd period - Shot Misses the Net.
0:35 of 2nd period - Shot by James Neal.
0:35 of 2nd period - Shot Blocked by Brent Seabrook.
0:55 of 2nd period - Shot by Martin St. Louis.
0:55 of 2nd period - Stopped by Carey Price without a rebound.
0:56 of 2nd period - Leo Komarov wins face-off versus Tomas Plekanec in Senators zone.
0:56 of 2nd period - Leo Komarov is hit by Teemu Selanne.
1:17 of 2nd period - Teddy Purcell is hit by Dion Phaneuf and loses puck.
1:20 of 2nd period - Shot by Tomas Plekanec.
1:20 of 2nd period - Deflect By Teddy Purcell.
1:20 of 2nd period - Stopped by Carey Price without a rebound.
1:21 of 2nd period - Nick Spaling wins face-off versus Sidney Crosby in Senators zone.
1:21 of 2nd period - Tim Gleason is hit by Jan Hejda and loses puck.
1:39 of 2nd period - Icing by Sidney Crosby.
1:40 of 2nd period - Patrick Sharp wins face-off versus Sidney Crosby in Senators zone.
1:40 of 2nd period - Patrick Sharp is hit by Jan Hejda.
2:19 of 2nd period - Patrick Sharp is hit by Jan Hejda.
2:23 of 2nd period - Shot by Patrick Kane.
2:23 of 2nd period - Stopped by Carey Price with a rebound.
2:39 of 2nd period - Jakob Silfverberg is hit by Patrick Sharp and loses puck.
2:58 of 2nd period - Shot by Jerred Smithson.
2:58 of 2nd period - Stopped by Cory Schneider with a rebound.
3:04 of 2nd period - Shot by Jakob Silfverberg.
3:04 of 2nd period - Shot Blocked by Martin St. Louis.
3:25 of 2nd period - Icing by Martin St. Louis.
3:26 of 2nd period - Sidney Crosby wins face-off versus Patrick Sharp in Lightning zone.
3:29 of 2nd period - Shot by Sidney Crosby.
3:29 of 2nd period - Shot Misses the Net.
3:31 of 2nd period - Shot by Sidney Crosby.
3:31 of 2nd period - Stopped by Cory Schneider without a rebound.
3:32 of 2nd period - Sidney Crosby wins face-off versus Tomas Plekanec in Lightning zone.
3:36 of 2nd period - Icing by Andrej Meszaros.
3:37 of 2nd period - Tomas Plekanec wins face-off versus James Neal in Lightning zone.
3:45 of 2nd period - Icing by Brent Seabrook.
3:46 of 2nd period - Tomas Plekanec wins face-off versus Peter Regin in Lightning zone.
3:52 of 2nd period - Teddy Purcell is hit by Alexander Edler and loses puck.
4:27 of 2nd period - Icing by Dustin Byfuglien.
4:28 of 2nd period - Peter Regin wins face-off versus Nick Spaling in Senators zone.
5:08 of 2nd period - Shot by James Neal.
5:08 of 2nd period - Deflect By Nathan Horton.
5:08 of 2nd period - Shot Blocked by Jakub Kindl.
5:48 of 2nd period - Icing by Tim Gleason.
5:49 of 2nd period - Nick Spaling wins face-off versus Leo Komarov in Lightning zone.
5:51 of 2nd period - Icing by Cam Atkinson.
5:52 of 2nd period - Sidney Crosby wins face-off versus Nick Spaling in Lightning zone.
5:55 of 2nd period - Shot by Brad Boyes.
5:55 of 2nd period - Deflect By Logan Couture.
5:55 of 2nd period - Shot Misses the Net.
5:57 of 2nd period - Shot by Sidney Crosby.
5:57 of 2nd period - Stopped by Cory Schneider without a rebound.
5:58 of 2nd period - Teddy Purcell wins face-off versus Sidney Crosby in Lightning zone.
6:08 of 2nd period - Teddy Purcell is hit by Dustin Byfuglien and loses puck.
6:14 of 2nd period - Icing by Logan Couture.
6:15 of 2nd period - Sidney Crosby wins face-off versus Patrick Sharp in Senators zone.
6:28 of 2nd period - Shot by Martin St. Louis.
6:28 of 2nd period - Shot Misses the Net.
6:30 of 2nd period - Shot by Patrick Kane.
6:30 of 2nd period - Shot Misses the Net.
6:47 of 2nd period - Icing by Alexander Edler.
6:48 of 2nd period - Sidney Crosby wins face-off versus Tomas Plekanec in Senators zone.
6:48 of 2nd period - Sidney Crosby is hit by Tomas Plekanec.
6:57 of 2nd period - Minor Penalty to Brent Seabrook for Slashing.
6:58 of 2nd period - Brad Boyes wins face-off versus Tomas Plekanec in Lightning zone.
6:59 of 2nd period - Shot by Dion Phaneuf.
6:59 of 2nd period - Shot Misses the Net.
7:31 of 2nd period - Shot by Dion Phaneuf.
7:31 of 2nd period - Stopped by Cory Schneider with a rebound.
8:10 of 2nd period - Shot by Sidney Crosby.
8:10 of 2nd period - Stopped by Cory Schneider without a rebound.
8:11 of 2nd period - Patrick Sharp wins face-off versus Jerred Smithson in Lightning zone.
8:28 of 2nd period - Shot by Nathan Horton.
8:28 of 2nd period - Stopped by Cory Schneider with a rebound.
8:43 of 2nd period - Off-side.
8:44 of 2nd period - Sidney Crosby wins face-off versus Tomas Plekanec in neutral zone.
8:48 of 2nd period - Dion Phaneuf is hit by Josh Gorges and loses puck.
8:57 of 2nd period - Shot by Logan Couture.
8:57 of 2nd period - Shot Misses the Net.
9:25 of 2nd period - Off-side.
9:26 of 2nd period - Sidney Crosby wins face-off versus Patrick Kane in neutral zone.
9:40 of 2nd period - Icing by Marek Zidlicky.
9:41 of 2nd period - Patrick Sharp wins face-off versus Sidney Crosby in Lightning zone.
9:48 of 2nd period - Dustin Byfuglien is hit by Martin St. Louis and loses puck.
10:07 of 2nd period - Shot by Sidney Crosby.
10:07 of 2nd period - Goal by Sidney Crosby - Senators : 1 - Lightning : 0.
10:08 of 2nd period - Sidney Crosby wins face-off versus Tomas Plekanec in neutral zone.
11:07 of 2nd period - Icing by Jerred Smithson.
11:08 of 2nd period - Leo Komarov wins face-off versus Patrick Sharp in Senators zone.
11:08 of 2nd period - Leo Komarov is hit by Patrick Sharp.
12:06 of 2nd period - Shot by Logan Couture.
12:06 of 2nd period - Stopped by Cory Schneider without a rebound.
12:07 of 2nd period - Nick Spaling wins face-off versus Sidney Crosby in Lightning zone.
12:43 of 2nd period - Shot by Nathan Horton.
12:43 of 2nd period - Shot Misses the Net.
12:57 of 2nd period - Dion Phaneuf is hit by Matt Frattin and loses puck.
13:37 of 2nd period - Icing by Teemu Selanne.
13:38 of 2nd period - Leo Komarov wins face-off versus Tomas Plekanec in Lightning zone.
14:07 of 2nd period - Shot by Teemu Selanne.
14:07 of 2nd period - Deflect By Tomas Plekanec.
14:07 of 2nd period - Goal by Tomas Plekanec - Senators : 1 - Lightning : 1.
14:08 of 2nd period - Sidney Crosby wins face-off versus Patrick Sharp in neutral zone.
14:23 of 2nd period - Shot by Sidney Crosby.
14:23 of 2nd period - Deflect By Brad Boyes.
14:23 of 2nd period - Stopped by Cory Schneider without a rebound.
14:24 of 2nd period - James Neal wins face-off versus David Van Der Gulik in Lightning zone.
14:29 of 2nd period - Shot by Brad Boyes.
14:29 of 2nd period - Stopped by Cory Schneider without a rebound.
14:30 of 2nd period - Patrick Sharp wins face-off versus Sidney Crosby in Lightning zone.
14:52 of 2nd period - Icing by Tim Gleason.
14:53 of 2nd period - Peter Regin wins face-off versus Patrick Sharp in Lightning zone.
15:15 of 2nd period - Icing by Jakub Kindl.
15:16 of 2nd period - Patrick Sharp wins face-off versus Sidney Crosby in Lightning zone.
15:18 of 2nd period - Icing by Martin St. Louis.
15:19 of 2nd period - Sidney Crosby wins face-off versus Patrick Sharp in Lightning zone.
16:05 of 2nd period - Icing by Andrej Meszaros.
16:06 of 2nd period - Tomas Plekanec wins face-off versus Leo Komarov in Lightning zone.
16:13 of 2nd period - Shot by Teddy Purcell.
16:13 of 2nd period - Shot Blocked by Dion Phaneuf.
16:15 of 2nd period - Shot by Brent Seabrook.
16:15 of 2nd period - Shot Misses the Net.
16:19 of 2nd period - Shot by Tomas Plekanec.
16:19 of 2nd period - Stopped by Carey Price without a rebound.
16:20 of 2nd period - Sidney Crosby wins face-off versus Nick Spaling in Senators zone.
16:44 of 2nd period - Shot by Matt Frattin.
16:44 of 2nd period - Shot Misses the Net.
16:55 of 2nd period - Shot by Cam Atkinson.
16:55 of 2nd period - Stopped by Carey Price without a rebound.
16:56 of 2nd period - Tomas Plekanec wins face-off versus Leo Komarov in Senators zone.
16:59 of 2nd period - Shot by Tomas Plekanec.
16:59 of 2nd period - Deflect By Teemu Selanne.
16:59 of 2nd period - Goal by Teemu Selanne - Senators : 1 - Lightning : 2.
17:00 of 2nd period - Tomas Plekanec wins face-off versus Jakob Silfverberg in neutral zone.
17:43 of 2nd period - Shot by Brent Seabrook.
17:43 of 2nd period - Stopped by Carey Price without a rebound.
17:44 of 2nd period - Patrick Sharp wins face-off versus James Neal in Senators zone.
18:38 of 2nd period - Off-side.
18:39 of 2nd period - Jerred Smithson wins face-off versus Teemu Selanne in neutral zone.
19:05 of 2nd period - Shot by Teddy Purcell.
19:05 of 2nd period - Deflect By Teemu Selanne.
19:05 of 2nd period - Stopped by Carey Price with a rebound.
19:07 of 2nd period - Shot by Teddy Purcell.
19:07 of 2nd period - Shot Misses the Net.
19:09 of 2nd period - Shot by Tomas Plekanec.
19:09 of 2nd period - Stopped by Carey Price without a rebound.
19:10 of 2nd period - Peter Regin wins face-off versus Nick Spaling in Senators zone.
19:15 of 2nd period - Shot by Jan Hejda.
19:15 of 2nd period - Shot Misses the Net.
19:17 of 2nd period - Shot by Jerred Smithson.
19:17 of 2nd period - Shot Blocked by Tim Gleason.
19:27 of 2nd period - Icing by Jordan Leopold.
19:28 of 2nd period - David Van Der Gulik wins face-off versus Peter Regin in Senators zone.

3rd period


0:01 of 3rd period - Sidney Crosby wins face-off versus Tomas Plekanec in neutral zone.
0:12 of 3rd period - Shot by James Neal.
0:12 of 3rd period - Shot Blocked by Andrej Meszaros.
0:15 of 3rd period - Icing by Brent Seabrook.
0:16 of 3rd period - Leo Komarov wins face-off versus Tomas Plekanec in Lightning zone.
0:16 of 3rd period - Dustin Byfuglien is hit by Brent Seabrook.
0:30 of 3rd period - Shot by Tomas Plekanec.
0:30 of 3rd period - Shot Misses the Net.
0:40 of 3rd period - Shot by Brent Seabrook.
0:40 of 3rd period - Stopped by Carey Price without a rebound.
0:41 of 3rd period - Sidney Crosby wins face-off versus Martin St. Louis in Senators zone.
0:49 of 3rd period - Shot by James Neal.
0:49 of 3rd period - Shot Misses the Net.
2:10 of 3rd period - Dustin Byfuglien is hit by Tomas Plekanec and loses puck.
2:42 of 3rd period - Nick Spaling is hit by Alexander Edler and loses puck.
3:05 of 3rd period - Minor Penalty to Dustin Byfuglien for Slashing.
3:06 of 3rd period - Patrick Sharp wins face-off versus Brad Boyes in Senators zone.
3:11 of 3rd period - Shot by Martin St. Louis.
3:11 of 3rd period - Deflect By Patrick Kane.
3:11 of 3rd period - Stopped by Carey Price with a rebound.
3:15 of 3rd period - Shot by Marek Zidlicky.
3:15 of 3rd period - Shot Misses the Net.
3:17 of 3rd period - Shot by Marek Zidlicky.
3:17 of 3rd period - Shot Misses the Net.
3:19 of 3rd period - Shot by Martin St. Louis.
3:19 of 3rd period - Shot Misses the Net.
3:38 of 3rd period - Shot by Martin St. Louis.
3:38 of 3rd period - Stopped by Carey Price without a rebound.
3:39 of 3rd period - Tomas Plekanec wins face-off versus Brad Boyes in Senators zone.
3:54 of 3rd period - Shot by Brent Seabrook.
3:54 of 3rd period - Shot Misses the Net.
3:56 of 3rd period - Shot by Tomas Plekanec.
3:56 of 3rd period - Shot Misses the Net.
4:12 of 3rd period - Shot by Tim Gleason.
4:12 of 3rd period - Shot Blocked by Marc-Edouard Vlasic.
4:14 of 3rd period - Shot by Tim Gleason.
4:14 of 3rd period - Shot Misses the Net.
4:16 of 3rd period - Shot by Brent Seabrook.
4:16 of 3rd period - Stopped by Carey Price without a rebound.
4:17 of 3rd period - Leo Komarov wins face-off versus Patrick Sharp in Senators zone.
4:17 of 3rd period - Leo Komarov is hit by Patrick Sharp.
4:33 of 3rd period - Icing by Jakub Kindl.
4:34 of 3rd period - Patrick Sharp wins face-off versus Leo Komarov in Lightning zone.
4:38 of 3rd period - Icing by Martin St. Louis.
4:39 of 3rd period - Patrick Sharp wins face-off versus Leo Komarov in Lightning zone.
5:00 of 3rd period - Shot by Martin St. Louis.
5:00 of 3rd period - Stopped by Carey Price without a rebound.
5:01 of 3rd period - Tomas Plekanec wins face-off versus Leo Komarov in Senators zone.
5:17 of 3rd period - Off-side.
5:18 of 3rd period - Sidney Crosby wins face-off versus Tomas Plekanec in neutral zone.
5:27 of 3rd period - Shot by Teddy Purcell.
5:27 of 3rd period - Shot Blocked by Dustin Byfuglien.
5:46 of 3rd period - Sidney Crosby is hit by Tim Gleason and loses puck.
6:08 of 3rd period - Icing by Alexander Edler.
6:09 of 3rd period - Sidney Crosby wins face-off versus Patrick Sharp in Senators zone.
7:15 of 3rd period - Icing by Marek Zidlicky.
7:16 of 3rd period - Sidney Crosby wins face-off versus Nick Spaling in Lightning zone.
7:16 of 3rd period - Marc-Edouard Vlasic is hit by Josh Gorges and loses puck.
7:29 of 3rd period - Shot by Matt Frattin.
7:29 of 3rd period - Stopped by Carey Price with a rebound.
7:31 of 3rd period - Shot by Marek Zidlicky.
7:31 of 3rd period - Stopped by Carey Price without a rebound.
7:32 of 3rd period - Teemu Selanne wins face-off versus James Neal in Senators zone.
7:46 of 3rd period - Tomas Plekanec is hit by Dustin Byfuglien and loses puck.
7:53 of 3rd period - Teemu Selanne is hit by James Neal and loses puck.
8:13 of 3rd period - Shot by Logan Couture.
8:13 of 3rd period - Stopped by Cory Schneider without a rebound.
8:14 of 3rd period - Patrick Sharp wins face-off versus Leo Komarov in Lightning zone.
9:25 of 3rd period - Shot by Cam Atkinson.
9:25 of 3rd period - Stopped by Carey Price without a rebound.
9:26 of 3rd period - Tomas Plekanec wins face-off versus Sidney Crosby in Senators zone.
9:33 of 3rd period - Shot by Tomas Plekanec.
9:33 of 3rd period - Goal by Tomas Plekanec - Senators : 1 - Lightning : 3.
9:34 of 3rd period - Sidney Crosby wins face-off versus Tomas Plekanec in neutral zone.
9:39 of 3rd period - Shot by Nathan Horton.
9:39 of 3rd period - Stopped by Cory Schneider without a rebound.
9:40 of 3rd period - Sidney Crosby wins face-off versus Tomas Plekanec in Lightning zone.
9:58 of 3rd period - Shot by James Neal.
9:58 of 3rd period - Stopped by Cory Schneider with a rebound.
10:21 of 3rd period - Teemu Selanne is hit by Alexander Edler and loses puck.
10:42 of 3rd period - Icing by Brent Seabrook.
10:43 of 3rd period - Jerred Smithson wins face-off versus Patrick Sharp in Lightning zone.
11:04 of 3rd period - Shot by Logan Couture.
11:04 of 3rd period - Stopped by Cory Schneider without a rebound.
11:05 of 3rd period - Nick Spaling wins face-off versus Jerred Smithson in Lightning zone.
12:15 of 3rd period - Off-side.
12:16 of 3rd period - Tomas Plekanec wins face-off versus Steve Bernier in neutral zone.
13:27 of 3rd period - Shot by Patrick Sharp.
13:27 of 3rd period - Shot Misses the Net.
13:29 of 3rd period - Shot by Patrick Kane.
13:29 of 3rd period - Stopped by Carey Price with a rebound.
13:31 of 3rd period - Shot by Martin St. Louis.
13:31 of 3rd period - Shot Misses the Net.
13:33 of 3rd period - Shot by Martin St. Louis.
13:33 of 3rd period - Stopped by Carey Price with a rebound.
13:47 of 3rd period - Shot by Brent Seabrook.
13:47 of 3rd period - Deflect By Martin St. Louis.
13:47 of 3rd period - Stopped by Carey Price without a rebound.
13:48 of 3rd period - Nick Spaling wins face-off versus Sidney Crosby in Senators zone.
14:49 of 3rd period - Alexander Edler is hit by Matt Beleskey and loses puck.
15:21 of 3rd period - Shot by Matt Beleskey.
15:21 of 3rd period - Shot Misses the Net.
16:48 of 3rd period - Dion Phaneuf is hit by Tomas Plekanec and loses puck.
16:49 of 3rd period - Minor Penalty to Tim Gleason for High sticking.
16:50 of 3rd period - Tomas Plekanec wins face-off versus Sidney Crosby in Lightning zone.
17:53 of 3rd period - Tomas Plekanec is hit by Nathan Horton and loses puck.
18:08 of 3rd period - Shot by Jordan Leopold.
18:08 of 3rd period - Stopped by Cory Schneider without a rebound.
18:09 of 3rd period - Sidney Crosby wins face-off versus Patrick Sharp in Lightning zone.
18:10 of 3rd period - Shot by Dustin Byfuglien.
18:10 of 3rd period - Shot Blocked by Brent Seabrook.
18:51 of 3rd period - Shot by Matt Frattin.
18:51 of 3rd period - Stopped by Carey Price without a rebound.
18:52 of 3rd period - Nick Spaling wins face-off versus Peter Regin in Senators zone.
18:57 of 3rd period - Shot by Cam Atkinson.
18:57 of 3rd period - Shot Blocked by Jordan Leopold.
19:00 of 3rd period - Icing by Jan Hejda.
19:01 of 3rd period - Peter Regin wins face-off versus Nick Spaling in Senators zone.
19:13 of 3rd period - Icing by Jordan Leopold.
19:14 of 3rd period - Peter Regin wins face-off versus Patrick Sharp in Senators zone.
19:37 of 3rd period - Shot by Peter Regin.
19:37 of 3rd period - Shot Misses the Net.
19:39 of 3rd period - Shot by Jordan Leopold.
19:39 of 3rd period - Shot Misses the Net.


Output by the SimonT Hockey Simulator (STHS) for Stephane Roy -- Original Page W3C XHTML 1.0 Valid
Hockey Simulator - Hockey Simulation - Hockey Manager